 Dungeon Crawl Stone Soup version 0.28-a0-1117-g0bdd5ba030 (webtiles) character file.

Game seed: 17263978523803888095

13 SensoryNuts the Ducker (level 2, 0/22 HPs)
             Began as a Demonspawn Gladiator on Dec 12, 2021.
             Slain by a kobold (4 damage)
             ... on level 1 of the Dungeon.
             The game lasted 00:00:27 (402 turns).

SensoryNuts the Ducker (Demonspawn Gladiator)        Turns: 402, Time: 00:00:28

Health: 0/22       AC:  4    Str: 14    XL:     2   Next: 24%
Magic:  2/2        EV: 12    Int:  9    God:
Gold:   32         SH:  0    Dex: 14    Spells: 1/1 levels left

rFire   . . .      SeeInvis .   a - +0 long sword
rCold   . . .      Faith    .   (no shield)
rNeg    . . .      Spirit   .   b - +0 leather armour
rPois   .          Reflect  .   c - +0 helmet
rElec   .          Harm     .   (no cloak)
rCorr   .          Rampage  .   (no gloves)
Will    .....                   (no boots)
Stlth   +.........              (no amulet)
HPRegen 0.07/turn               (no ring)
MPRegen 0.08/turn               (no ring)

@: no status effects
A: demonic touch 1
a: no special abilities


You were on level 1 of the Dungeon.
You visited 1 branch of the dungeon, and saw 1 of its levels.

You collected 32 gold pieces.

Inventory:

Hand Weapons
 a - a +0 long sword (weapon)
Missiles
 d - 3 throwing nets (quivered)
Armour
 b - a +0 leather armour (worn)
 c - a +0 helmet (worn)
Jewellery
 f - a ring of flight
Scrolls
 e - a scroll of torment {unknown}
 g - a scroll of fog {unknown}


   Skills:
 + Level 2.0 Fighting
 + Level 2.9 Long Blades
 + Level 1.8 Throwing
 + Level 0.1 Armour
 + Level 3.1 Dodging


You had one spell level left.
You didn't know any spells.
Your spell library was empty.

Dungeon Overview and Level Annotations

Branches:
Dungeon (1/15)

Altars:


Innate Abilities, Weirdness & Mutations

Your touch may inflict minor irresistible damage on your foes.


Message History

The kobold hits you with a +0 short sword.
The hobgoblin shouts!
You hit the kobold but do no damage.
You hear a shout!
The bat hits you but does no damage.
The kobold hits you with a +3 short sword of speed.
The kobold barely misses you.
The kobold hits you with a +0 short sword.
The kobold closely misses you. The bat closely misses you. The bat hits you.
The kobold throws a stone.
The stone hits you. The bat hits you but does no damage.
The bat closely misses you. x2
The bat hits you but does no damage.
The kobold throws a stone.
The stone barely misses you. The bat hits you but does no damage.
The kobold throws a stone.
The stone closely misses you. The bat hits you but does no damage.
The bat hits you but does no damage. The bat hits you but does no damage.
The bat closely misses you. The bat barely misses you.
The bat hits you but does no damage. The bat barely misses you.
The bat hits you but does no damage. The bat closely misses you.
The bat hits you but does no damage.
You open the door. The bat hits you but does no damage.
The kobold barely misses you.
There is an open door here.
The bat closely misses you. x2
You closely miss the bat.
You touch the bat.
You kill the bat!
You closely miss the kobold. The kobold closely misses you.
You hit the kobold. Your touch misses the kobold.
The kobold is severely wounded.
The kobold closely misses you.
The kobold hits you with a +3 short sword of speed.
* * * LOW HITPOINT WARNING * * *
The kobold hits you with a +3 short sword of speed.
You die...

.............##......#.#...
.............######....#...
.............# #....#...
.............# #........
...[.....)...# ##......†
.............#######.......
......................#....
##########.K.#####>...#....
#......# #@#.....#....#....
#......###K#>..[...........
#........rK.#.........#....
######....g.#.........#....
#......#.........#...#
#......#.........#.###
#......####+#......#
#....w.# ######.# #......+
# .#


You could see a dart slug, a hobgoblin, 3 kobolds and a rat.

Vanquished Creatures
  2 ball pythons (D:1)
  2 endoplasms (D:1)
  A goblin (D:1)
  2 kobolds (D:1)
  A bat (D:1)
  A frilled lizard (D:1)
  3 rats (D:1)
12 creatures vanquished.

Notes
Turn   | Place    | Note
-------+----------+-------------------------------------------
     0 | D:1      | SensoryNuts the Demonspawn Gladiator began the quest for
                  | the Orb.
     0 | D:1      | Reached XP level 1. HP: 16/16 MP: 1/1
   305 | D:1      | Reached skill level 3 in Dodging
   305 | D:1      | Gained mutation: Your touch may inflict minor irresistible
                  | damage on your foes. [demonic ancestry]
   305 | D:1      | Reached XP level 2. HP: 18/22 MP: 2/2
   402 | D:1      | Slain by a kobold

Illustrated notes

Levels and vault maps discovered:
D:1:      dpeg_cavernosity, layout_basic, chequers_serial_rivers_large_b

Skill      XL: |  1 |
---------------+----+-----
Dodging        | 3 |  3.1
Fighting       | |  2.0
Long Blades    | |  2.9
Throwing       | |  1.8
Armour         | |  0.1

Action                   || total
-------------------------++-------
Melee: Long sword        ||    26
       Touch             ||     1
 Stab: Distracted        ||     1
Armor: Leather armour    ||    21
Dodge: Dodged            ||    27

Table legend: (Time is in decaauts)
 A = Elapsed time spent in this place.
 B = Non-inter-level travel time spent in this place.
 C = Inter-level travel time spent in this place.
 D = Time resting spent in this place.
 E = Time spent auto-exploring this place.
 F = Levels seen in this place.
 G = Mean time per level.
                   A        B        C        D        E       F      G
               +--------+--------+--------+--------+--------+-----+--------+
         Total |    408 |    408 |      0 |      0 |    318 |   1 |  408.0 |
       Dungeon |    408 |    408 |      0 |      0 |    318 |   1 |  408.0 |
               +--------+--------+--------+--------+--------+-----+--------+

Top non-repeatable levels by time:
     D:1: 408 daAuts
